 Dungeon Sprint DCSS version 0.20.1-1-g8b1a95d (webtiles) character file.

7000000 Cral the Axe Maniac (level 27, -13/249 HPs)
             Began as a Demonspawn Warper on July 15, 2017.
             Was the Champion of Makhleb.
             Mangled by The Captor
             ... wielding a +9 triple sword of slicing
              (66 damage)
             ... in the Dungeon (Sprint VIII: "Arena of Blood").
             The game lasted 00:01:20 (70 turns).

Cral the Axe Maniac (Demonspawn Warper)               Turns: 70, Time: 00:01:21

Health: -13/249    AC: 10    Str: 15    XL:     27
Magic:  20/54      EV: 35    Int: 16    God:    Makhleb [******]
Gold:   0          SH:  0    Dex: 21    Spells: 80/80 levels left

rFire    + + .     SeeInvis .   l - +∞ Axe of Woe
rCold    . . .     Gourm    .   (shield currently unavailable)
rNeg     . . .     Faith    .   b - +0 leather armour
rPois    .         Spirit   .   (no helmet)
rElec    .         Reflect  .   (no cloak)
rCorr    .         Harm     .   (no gloves)
MR       ++...     NoTele   +   (boots unavailable)
Stlth    ++++++++++             (no amulet)
Regen    0.6/turn               (no ring)
MPRegen  0.4/turn               (no ring)

@: no status effects
A: talons 3, molten scales 3, fire resistance 1, hurl damnation, nightstalker 3,
spiny 3, flame cloud immunity
a: Hurl Damnation, Minor Destruction, Lesser Servant of Makhleb, Major
Destruction, Greater Servant of Makhleb, Renounce Religion


You were in the Dungeon.
You worshipped Makhleb.
Makhleb was exalted by your worship.
You were not hungry.

You visited 1 branch

Inventory:

Hand Weapons
 a - a +0 hand axe
 l - the +∞ Axe of Woe (weapon)
   (You found it in the Dungeon)
Missiles
 e - 5 tomahawks of dispersal (quivered)
Armour
 b - a +0 leather armour (worn)
Jewellery
 m - a +30 ring of slaying
 n - a +30 ring of slaying
 o - a +30 ring of slaying
Scrolls
 d - 2 scrolls of blinking
Potions
 g - a potion of curing
 h - a potion of heal wounds
 i - a potion of haste
 j - 2 potions of magic
 k - a potion of berserk rage
Books
 c - a book of Spatial Translocations

   Spells                             Type                      Level
   a - Blink                          Translocation                2
   b - Shroud of Golubria             Charms/Translocation         2
   c - Lesser Beckoning               Translocation                3
   d - Gell's Gravitas                Translocation                3
   e - Teleport Other                 Translocation                3
   f - Passage of Golubria            Translocation                4
Comestibles
 f - a bread ration


   Skills:
 O Level 27 Fighting
 O Level 27 Axes
 O Level 27 Throwing
 O Level 27 Armour
 O Level 27 Dodging
 O Level 27 Stealth
 O Level 27 Unarmed Combat
 O Level 27 Spellcasting
   Level 2.6 Translocations
 O Level 27 Invocations


You had 80 spell levels left.
You didn't know any spells.

Dungeon Overview and Level Annotations

Branches:
Dungeon (1/1)

Altars:
Makhleb

Annotations:
D The Captor


Innate Abilities, Weirdness & Mutations

You have claws for feet.
You are completely covered in molten scales. (AC +4, rF+)
Your flesh is heat resistant. (rF+)
You can hurl damnation.
You are completely attuned to the shadows.
You are completely covered in sharp spines.
You are immune to clouds of flame.


Message History

The Captor hits you with a +9 triple sword of slicing!!!!
You hear a shout! x2
The meat berserker is struck by your spines.
The meat berserker hits you with a +9 battleaxe!!
The destroyer blinks!
You hear a shout!
A meat beast comes into view.
The meat beast barks!
You hear a shout! x2
There is a web, spattered with blood here.
Items here: ))))))))))))))) =============== †††† Unknown command.
The web tears apart.
You hear a shout! x2
The meat berserker is struck by your spines.
The meat berserker hits you with a +9 battleaxe!!!
* * * LOW HITPOINT WARNING * * *
You hear a shout! x6
The Captor is struck by your spines.
The Captor hits you with a +9 triple sword of slicing!!!
You die...

......###......
....._.....
#.....# .o .
..#_.<._#....
...%#..)..#....
......)_)......
.....)###..V...
.###..O§O..###.
#.§)@O.§#
#.§o@...#
.......2.o.
...........
.........


You could see a meat beast, a destroyer, The Captor, 3 meat berserkers and 2
bags of meat.

Vanquished Creatures
  Harold (D)
  6 vampire knights (D)
  14 ogres (D)
  2 two-headed ogres (D)
  A lich (D)
  30 orcs (D)
  2 skeletal warriors (D)
  2 large abominations (D)
  4 small abominations (D)
  A crawling corpse (D)
63 creatures vanquished.

Notes
Turn   | Place    | Note
-------+----------+-------------------------------------------
     0 | D        | Cral the Demonspawn Warper began the quest for the Orb.
     0 | D        | Reached XP level 1. HP: 16/16 MP: 3/3
     3 | D        | Noticed a bag of meat
     4 | D        | Noticed a bag of meat
     4 | D        | Became a worshipper of Makhleb the Destroyer
     5 | D        | Noticed a meat berserker
     7 | D        | Noticed a bag of meat
     9 | D        | Noticed a meat berserker
     9 | D        | Killed a meat berserker
     9 | D        | Reached skill level 15 in Fighting
     9 | D        | Reached skill level 15 in Axes
     9 | D        | Reached skill level 5 in Throwing
     9 | D        | Reached skill level 5 in Armour
     9 | D        | Gained mutation: You are partially covered in sharp spines. [demonic ancestry]
     9 | D        | Reached XP level 2. HP: 44/44 MP: 3/19
     9 | D        | Reached XP level 3. HP: 50/50 MP: 3/21
     9 | D        | Gained mutation: You are mostly covered in sharp spines. [demonic ancestry]
     9 | D        | Reached XP level 4. HP: 57/57 MP: 3/22
     9 | D        | Gained mutation: You are slightly more attuned to the shadows. [demonic ancestry]
     9 | D        | Reached XP level 5. HP: 63/63 MP: 3/24
     9 | D        | Gained mutation: You are completely covered in sharp spines. [demonic ancestry]
     9 | D        | Reached XP level 6. HP: 70/70 MP: 3/25
     9 | D        | Reached XP level 7. HP: 76/76 MP: 3/27
     9 | D        | Reached XP level 8. HP: 83/83 MP: 3/28
     9 | D        | Reached XP level 9. HP: 89/89 MP: 3/29
     9 | D        | Reached XP level 10. HP: 96/96 MP: 3/30
     9 | D        | Gained mutation: You are partially covered in molten scales. (AC +2) [demonic ancestry]
     9 | D        | Reached XP level 11. HP: 102/102 MP: 3/31
     9 | D        | Gained mutation: You are significantly more attuned to the shadows. [demonic ancestry]
     9 | D        | Reached XP level 12. HP: 110/110 MP: 3/32
     9 | D        | Gained mutation: You are mostly covered in molten scales. (AC +3) [demonic ancestry]
     9 | D        | Reached XP level 13. HP: 116/116 MP: 3/33
    10 | D        | Killed a bag of meat
    10 | D        | Reached * piety under Makhleb
    10 | D        | Reached skill level 15 in Dodging
    11 | D        | Killed a meat berserker
    11 | D        | Reached XP level 14. HP: 112/131 MP: 3/38
    12 | D        | Killed a bag of meat
    12 | D        | Gained mutation: You are completely attuned to the shadows. [demonic ancestry]
    12 | D        | Reached XP level 15. HP: 120/140 MP: 4/39
    13 | D        | Reached ** piety under Makhleb
    18 | D        | Noticed a meat berserker
    19 | D        | Noticed a meat berserker
    20 | D        | Killed a meat berserker
    20 | D        | Gained mutation: You have sharp toenails. [demonic ancestry]
    20 | D        | Reached XP level 16. HP: 153/153 MP: 6/42
    20 | D        | Reached *** piety under Makhleb
    22 | D        | Killed a meat berserker
    22 | D        | Gained mutation: You are completely covered in molten scales. (AC +4, rF+) [demonic ancestry]
    22 | D        | Reached XP level 17. HP: 167/167 MP: 6/45
    23 | D        | Reached **** piety under Makhleb
    23 | D        | Reached skill level 10 in Throwing
    24 | D        | Noticed a large bag of meat
    24 | D        | Noticed a destroyer
    25 | D        | Noticed a meat berserker
    26 | D        | Noticed a meat berserker
    26 | D        | Reached skill level 27 in Axes
    26 | D        | Reached XP level 18. HP: 180/180 MP: 7/48
    27 | D        | Killed a destroyer
    27 | D        | Reached skill level 27 in Fighting
    27 | D        | Reached skill level 27 in Dodging
    27 | D        | Reached skill level 27 in Spellcasting
    28 | D        | Noticed a meat berserker
    29 | D        | Killed a meat berserker
    29 | D        | Reached XP level 19. HP: 189/189 MP: 8/50
    29 | D        | Killed a meat berserker
    29 | D        | Reached ***** piety under Makhleb
    30 | D        | Killed a meat berserker
    31 | D        | Noticed The Servant
    31 | D        | Killed a large bag of meat
    31 | D        | Reached XP level 20. HP: 189/197 MP: 8/51
    31 | D        | Noticed a destroyer
    32 | D        | Noticed a meat berserker
    33 | D        | Noticed a meat berserker
    33 | D        | Killed The Servant
    33 | D        | Reached skill level 27 in Throwing
    33 | D        | Reached skill level 27 in Armour
    34 | D        | Noticed a meat berserker
    34 | D        | Killed a meat berserker
    34 | D        | Reached skill level 15 in Invocations
    34 | D        | Gained mutation: You have razor-sharp toenails. [demonic ancestry]
    34 | D        | Reached XP level 21. HP: 204/204 MP: 9/52
    34 | D        | Killed a destroyer
    35 | D        | Gained mutation: You have claws for feet. [demonic ancestry]
    35 | D        | Reached XP level 22. HP: 212/212 MP: 9/53
    35 | D        | Reached skill level 27 in Invocations
    36 | D        | Reached ****** piety under Makhleb
    37 | D        | Reached skill level 27 in Stealth
    38 | D        | Reached skill level 27 in Unarmed Combat
    38 | D        | Gained mutation: Your flesh is heat resistant. (rF+) [demonic ancestry]
    38 | D        | Reached XP level 23. HP: 214/219 MP: 10/54
    40 | D        | Noticed a destroyer
    42 | D        | Killed a destroyer
    42 | D        | Reached XP level 24. HP: 227/227 MP: 11/54
    44 | D        | Noticed a destroyer
    46 | D        | Noticed a large bag of meat
    46 | D        | Noticed a destroyer
    50 | D        | Killed a destroyer
    50 | D        | Gained mutation: You are immune to clouds of flame. [demonic ancestry]
    50 | D        | Reached XP level 25. HP: 234/234 MP: 13/54
    53 | D        | Killed a large bag of meat
    53 | D        | Killed a destroyer
    53 | D        | Gained mutation: You can hurl damnation. [demonic ancestry]
    53 | D        | Reached XP level 26. HP: 242/242 MP: 14/54
    60 | D        | Noticed The Captor
    60 | D        | Noticed a tyrant
    61 | D        | Killed a tyrant
    63 | D        | Noticed a destroyer
    66 | D        | Reached XP level 27. HP: 249/249 MP: 18/54
    66 | D        | Killed a destroyer
    67 | D        | Noticed a destroyer
    69 | D        | Noticed a meat beast
    70 | D        | Mangled by The Captor

Skill      XL: |  1  2  3  4  5  6  7  8  9 10 11 12 13 14 15 16 17 18 19 20 21 22 |
---------------+-------------------------------------------------------------------+-----
Fighting       | 15 18 19 21 24 26 27 | 27.0
Axes           | 15 18 19 22 25 27 | 27.0
Throwing       | 5 7 8 9 10 17 25 27 | 27.0
Armour         | 5 7 8 9 17 25 27 | 27.0
Dodging        | 14 17 18 20 22 23 27 | 27.0
Spellcasting   | 16 20 22 24 26 27 | 27.0
Stealth        | 12 21 27 | 27.0
Unarmed Combat | 11 19 27 | 27.0
Invocations    | 15 26 27 | 27.0
Translocations | |  2.6

Action                   |  1- 3 |  4- 6 |  7- 9 | 10-12 | 13-15 | 16-18 | 19-21 | 22-24 | 25-27 || total
-------------------------+-------+-------+-------+-------+-------+-------+-------+-------+-------++-------
Melee: Executioner's axe |     1 |       |       |       |     5 |     5 |     5 |    11 |     9 ||    36
Armor: Leather armour    |       |       |       |       |       |       |       |       |     1 ||     1
Dodge: Dodged            |       |       |       |       |     1 |     1 |       |       |       ||     2
